[ AOE2 MATCH · #458400672 ]
UnrankedVietnamese vs Bohemians
[ REPLAY ANALYSIS · EXTRACTED FROM THE RECORDED GAME ]
Feudal
11:43
Castle
23:48
Imperial
—
| APM avg | 38.2 |
| APM peak | 82 |
| eAPM avg | 17.6 |
| Villagers / military | 104 / 50 |
Focus
⚔️ 25.7% · 🌾 74.3%
Cavalry Archer ×36 · Scout Cavalry ×10 · Battering Ram ×2 · Mangonel ×1 · Battle Elephant ×1
Feudal
13:03
Castle
17:20
Imperial
35:32
| APM avg | 39.4 |
| APM peak | 101 |
| eAPM avg | 16.6 |
| Villagers / military | 59 / 26 |
Focus
⚔️ 16.4% · 🌾 83.6%
Hand Cannoneer ×17 · Skirmisher ×9
Feudal
11:22
Castle
15:36
Imperial
—
| APM avg | 20.9 |
| APM peak | 47 |
| eAPM avg | 10.5 |
| Villagers / military | 60 / 15 |
Focus
⚔️ 22.5% · 🌾 77.5%
Spearman ×15
Feudal
14:36
Castle
19:14
Imperial
—
| APM avg | 11.5 |
| APM peak | 32 |
| eAPM avg | 7.7 |
| Villagers / military | 76 / 10 |
Focus
⚔️ 14.1% · 🌾 85.9%
Knight ×10
Match map
Initial resources + every placement click. Lines = walls · curves = elevation contours. ◆ gold · ⬟ stone · ● berries · ✦ relic · ◌ wall gap
Your base· ✓ Closed at 23:48 · 49t walls · no gate
...骑士's base· ✓ Closed at 17:20 · 37t walls · 2 gate(s)
超人不是我's base· Open — unwalled flank
2pacsghost's base· Open — unwalled flank
Smoothed initial terrain · ◌ = detected wall gap · hover for details
Inputs per minute
— Helot_boy_Xeones - - ...骑士
Build order — Helot_boy_Xeones
First 150 of 282 actions detected
| 0:00 | Create | Villager (Male) |
| 0:01 | Create | Villager (Male) |
| 0:01 | Create | Villager (Male) |
| 0:02 | Build | House |
| 0:05 | Build | House |
| 0:19 | Create | Villager (Male) |
| 1:28 | Create | Villager (Male) |
| 1:52 | Build | Lumber Camp |
| 1:52 | Create | Villager (Male) |
| 2:25 | Create | Villager (Male) |
| 2:43 | Create | Villager (Male) |
| 3:12 | Create | Villager (Male) |
| 3:42 | Create | Villager (Male) |
| 3:46 | Create | Villager (Male) |
| 3:54 | Build | House |
| 4:37 | Research | Loom |
| 5:14 | Build | Mill |
| 5:22 | Create | Villager (Male) |
| 5:23 | Create | Villager (Male) |
| 5:23 | Create | Villager (Male) |
| 5:24 | Create | Villager (Male) |
| 5:24 | Create | Villager (Male) |
| 5:25 | Create | Villager (Male) |
| 5:41 | Build | Mill |
| 5:43 | Create | Villager (Male) |
| 5:56 | Create | Villager (Male) |
| 6:27 | Build | House |
| 6:33 | Create | Villager (Male) |
| 6:43 | Create | Villager (Male) |
| 7:10 | Create | Villager (Male) |
| 7:33 | Create | Villager (Male) |
| 7:43 | Build | Barracks |
| 7:47 | Build | Palisade Wall |
| 7:48 | Build | Palisade Wall |
| 7:51 | Create | Villager (Male) |
| 8:17 | Build | Farm |
| 8:31 | Build | Farm |
| 8:59 | Build | Farm |
| 9:14 | Research | Feudal Age |
| 9:21 | Build | Palisade Wall |
| 9:23 | Build | Palisade Wall |
| 10:03 | Build | Palisade Wall |
| 10:04 | Build | Palisade Wall |
| 10:48 | Build | Farm |
| 10:52 | Build | Farm |
| 11:17 | Build | Lumber Camp |
| 11:21 | Build | House |
| 11:30 | Create | Villager (Male) |
| 11:43 | Age | Feudal Age |
| 11:49 | Build | Stable |
| 11:55 | Research | Double-Bit Axe |
| 11:56 | Research | Horse Collar |
| 12:01 | Create | Villager (Male) |
| 12:02 | Create | Villager (Male) |
| 12:11 | Build | Stable |
| 12:21 | Build | Palisade Wall |
| 12:38 | Create | Scout Cavalry |
| 12:42 | Create | Villager (Male) |
| 12:59 | Create | Scout Cavalry |
| 13:03 | Create | Scout Cavalry |
| 13:04 | Create | Scout Cavalry |
| 13:10 | Research | Wheelbarrow |
| 13:12 | Build | House |
| 13:14 | Build | House |
| 13:18 | Build | Farm |
| 13:24 | Build | Farm |
| 13:44 | Create | Villager (Male) |
| 13:47 | Create | Scout Cavalry |
| 13:47 | Create | Scout Cavalry |
| 13:58 | Create | Villager (Male) |
| 14:17 | Build | Lumber Camp |
| 14:20 | Build | Palisade Wall |
| 14:23 | Build | House |
| 14:27 | Build | Blacksmith |
| 14:46 | Create | Scout Cavalry |
| 14:47 | Create | Villager (Male) |
| 14:50 | Build | Farm |
| 14:51 | Create | Villager (Male) |
| 15:01 | Build | Farm |
| 15:03 | Build | Farm |
| 15:05 | Build | Farm |
| 15:07 | Create | Villager (Male) |
| 15:41 | Create | Villager (Male) |
| 15:45 | Build | Farm |
| 15:47 | Create | Villager (Male) |
| 15:50 | Create | Scout Cavalry |
| 15:59 | Build | House |
| 16:13 | Research | Forging |
| 16:19 | Create | Villager (Male) |
| 16:24 | Build | Farm |
| 16:26 | Build | Mining Camp |
| 16:27 | Create | Villager (Male) |
| 16:42 | Create | Scout Cavalry |
| 17:08 | Create | Villager (Male) |
| 17:25 | Create | Villager (Male) |
| 17:28 | Build | House |
| 17:29 | Build | House |
| 17:34 | Build | Farm |
| 17:37 | Build | Farm |
| 17:38 | Build | Farm |
| 17:42 | Build | Farm |
| 18:01 | Create | Villager (Male) |
| 18:08 | Build | Palisade Wall |
| 18:26 | Create | Scout Cavalry |
| 18:28 | Create | Villager (Male) |
| 18:32 | Build | Farm |
| 18:33 | Create | Villager (Male) |
| 18:36 | Build | Farm |
| 18:37 | Build | House |
| 19:32 | Build | Farm |
| 19:34 | Create | Villager (Male) |
| 19:41 | Build | Farm |
| 19:48 | Build | Farm |
| 19:51 | Create | Villager (Male) |
| 19:54 | Build | Farm |
| 19:59 | Create | Villager (Male) |
| 20:01 | Build | Farm |
| 20:41 | Build | Archery Range |
| 20:44 | Build | Archery Range |
| 21:08 | Research | Castle Age |
| 21:15 | Build | Palisade Wall |
| 21:50 | Build | House |
| 21:51 | Build | House |
| 21:56 | Build | House |
| 22:11 | Research | Fletching |
| 22:12 | Research | Padded Archer Armor |
| 22:27 | Build | Archery Range |
| 22:37 | Build | Mining Camp |
| 22:53 | Build | Palisade Wall |
| 23:25 | Create | Villager (Male) |
| 23:26 | Create | Villager (Male) |
| 23:29 | Research | Gold Mining |
| 23:48 | Age | Castle Age |
| 23:50 | Research | Bloodlines |
| 23:51 | Research | Husbandry |
| 23:56 | Create | Cavalry Archer |
| 23:58 | Research | Thumb Ring |
| 23:58 | Create | Cavalry Archer |
| 23:59 | Create | Cavalry Archer |
| 24:04 | Research | Bodkin Arrow |
| 24:21 | Build | House |
| 24:25 | Research | Bow Saw |
| 24:29 | Create | Villager (Male) |
| 24:34 | Create | Cavalry Archer |
| 24:34 | Create | Cavalry Archer |
| 24:34 | Create | Cavalry Archer |
| 24:35 | Create | Cavalry Archer |
| 24:37 | Create | Villager (Male) |
| 24:57 | Create | Villager (Male) |
| 25:08 | Build | Town Center |
Build order — ...骑士
First 150 of 166 actions detected
| 0:02 | Build | House |
| 0:05 | Build | House |
| 0:11 | Create | Villager (Male) |
| 0:12 | Create | Villager (Male) |
| 0:12 | Create | Villager (Male) |
| 0:12 | Create | Villager (Male) |
| 0:12 | Create | Villager (Male) |
| 1:55 | Build | Lumber Camp |
| 2:13 | Create | Villager (Male) |
| 2:13 | Create | Villager (Male) |
| 2:13 | Create | Villager (Male) |
| 2:49 | Create | Villager (Male) |
| 2:49 | Create | Villager (Male) |
| 3:09 | Create | Villager (Male) |
| 3:10 | Create | Villager (Male) |
| 3:10 | Create | Villager (Male) |
| 3:37 | Research | Loom |
| 3:38 | Create | Villager (Male) |
| 3:38 | Create | Villager (Male) |
| 3:38 | Create | Villager (Male) |
| 4:16 | Create | Villager (Male) |
| 4:16 | Create | Villager (Male) |
| 4:36 | Build | House |
| 4:39 | Build | House |
| 4:44 | Build | Palisade Wall |
| 5:04 | Build | House |
| 5:06 | Build | House |
| 5:48 | Build | Mill |
| 6:12 | Create | Villager (Male) |
| 6:13 | Create | Villager (Male) |
| 6:13 | Create | Villager (Male) |
| 6:13 | Create | Villager (Male) |
| 6:14 | Create | Villager (Male) |
| 6:14 | Create | Villager (Male) |
| 6:38 | Build | House |
| 6:39 | Build | House |
| 6:43 | Build | Palisade Wall |
| 6:49 | Create | Villager (Male) |
| 6:49 | Create | Villager (Male) |
| 7:19 | Build | Palisade Wall |
| 7:37 | Create | Villager (Male) |
| 7:37 | Create | Villager (Male) |
| 7:47 | Build | Palisade Wall |
| 9:00 | Build | Palisade Gate |
| 9:11 | Create | Villager (Male) |
| 9:26 | Build | Mill |
| 9:58 | Build | Palisade Wall |
| 10:03 | Create | Villager (Male) |
| 10:03 | Create | Villager (Male) |
| 10:34 | Build | Mining Camp |
| 10:38 | Research | Feudal Age |
| 10:50 | Build | House |
| 10:52 | Build | House |
| 11:03 | Build | Palisade Wall |
| 11:09 | Build | Palisade Gate |
| 11:14 | Build | Palisade Wall |
| 11:54 | Build | Palisade Wall |
| 11:55 | Build | Palisade Wall |
| 11:56 | Build | Palisade Wall |
| 12:19 | Build | Farm |
| 12:19 | Build | Farm |
| 13:03 | Age | Feudal Age |
| 13:18 | Build | Farm |
| 13:20 | Build | Farm |
| 13:27 | Build | Blacksmith |
| 13:49 | Create | Villager (Male) |
| 14:00 | Build | Market |
| 14:04 | Create | Villager (Male) |
| 14:37 | Research | Horse Collar |
| 14:40 | Research | Castle Age |
| 16:14 | Build | Barracks |
| 16:55 | Build | Farm |
| 16:56 | Build | Farm |
| 17:20 | Age | Castle Age |
| 17:31 | Build | University |
| 17:43 | Build | Archery Range |
| 18:03 | Build | Mining Camp |
| 18:09 | Build | Lumber Camp |
| 18:10 | Create | Villager (Male) |
| 18:10 | Create | Villager (Male) |
| 18:10 | Create | Villager (Male) |
| 18:10 | Create | Villager (Male) |
| 18:11 | Create | Villager (Male) |
| 18:33 | Research | Chemistry |
| 19:02 | Research | Double-Bit Axe |
| 19:07 | Research | Heavy Plow |
| 19:19 | Build | Farm |
| 19:19 | Build | Farm |
| 19:50 | Build | Archery Range |
| 20:10 | Create | Villager (Male) |
| 20:10 | Create | Villager (Male) |
| 20:10 | Create | Villager (Male) |
| 20:17 | Build | Farm |
| 20:17 | Build | Farm |
| 20:32 | Create | Hand Cannoneer |
| 20:32 | Create | Hand Cannoneer |
| 20:33 | Create | Hand Cannoneer |
| 20:33 | Create | Hand Cannoneer |
| 20:52 | Build | Archery Range |
| 21:24 | Research | Padded Archer Armor |
| 21:43 | Create | Hand Cannoneer |
| 21:43 | Create | Hand Cannoneer |
| 21:43 | Create | Hand Cannoneer |
| 21:43 | Create | Hand Cannoneer |
| 21:46 | Create | Hand Cannoneer |
| 21:46 | Create | Hand Cannoneer |
| 21:54 | Build | Farm |
| 21:54 | Build | Farm |
| 22:00 | Build | Farm |
| 22:00 | Build | Farm |
| 22:13 | Create | Hand Cannoneer |
| 23:00 | Build | Town Center |
| 23:09 | Build | Lumber Camp |
| 23:13 | Create | Hand Cannoneer |
| 23:14 | Create | Hand Cannoneer |
| 23:14 | Create | Hand Cannoneer |
| 23:14 | Create | Hand Cannoneer |
| 23:14 | Create | Hand Cannoneer |
| 23:15 | Create | Hand Cannoneer |
| 24:50 | Research | Leather Archer Armor |
| 24:52 | Create | Villager (Male) |
| 24:53 | Create | Villager (Male) |
| 24:53 | Create | Villager (Male) |
| 24:53 | Create | Villager (Male) |
| 24:53 | Create | Villager (Male) |
| 24:54 | Create | Villager (Male) |
| 25:02 | Build | Lumber Camp |
| 25:13 | Create | Villager (Male) ×2 |
| 25:39 | Build | Mining Camp |
| 26:24 | Build | House |
| 26:24 | Build | House |
| 26:24 | Build | House |
| 26:25 | Build | House |
| 26:26 | Build | House |
| 26:26 | Build | House |
| 26:27 | Build | House |
| 26:27 | Build | House |
| 26:27 | Build | House |
| 26:28 | Build | House |
| 26:28 | Build | House |
| 26:28 | Build | House |
| 26:29 | Build | House |
| 28:11 | Create | Villager (Male) |
| 28:12 | Create | Villager (Male) |
| 28:12 | Create | Villager (Male) |
| 28:12 | Create | Villager (Male) |
| 28:13 | Create | Villager (Male) |
| 28:14 | Create | Villager (Male) |
| 28:14 | Create | Villager (Male) |
| 28:14 | Create | Villager (Male) |
Build order — 超人不是我
120 actions detected in the replay
| 0:02 | Create | Villager (Male) |
| 0:02 | Create | Villager (Male) |
| 0:03 | Build | House |
| 0:05 | Build | House |
| 0:06 | Create | Villager (Male) |
| 0:07 | Create | Villager (Male) |
| 1:21 | Create | Villager (Male) |
| 1:21 | Create | Villager (Male) |
| 1:22 | Create | Villager (Male) |
| 1:22 | Create | Villager (Male) |
| 1:43 | Create | Villager (Male) |
| 1:43 | Create | Villager (Male) |
| 2:11 | Create | Villager (Male) |
| 2:11 | Create | Villager (Male) |
| 2:12 | Create | Villager (Male) |
| 2:41 | Build | Mill |
| 2:44 | Create | Villager (Male) |
| 3:16 | Create | Villager (Male) |
| 3:20 | Build | House |
| 3:26 | Create | Villager (Male) |
| 3:26 | Create | Villager (Male) |
| 3:52 | Create | Villager (Male) |
| 4:20 | Create | Villager (Male) |
| 4:21 | Create | Villager (Male) |
| 4:21 | Create | Villager (Male) |
| 5:35 | Build | House |
| 5:52 | Create | Villager (Male) |
| 5:52 | Create | Villager (Male) |
| 5:53 | Create | Villager (Male) |
| 5:53 | Create | Villager (Male) |
| 6:07 | Build | Lumber Camp |
| 6:26 | Create | Villager (Male) |
| 6:26 | Create | Villager (Male) |
| 6:27 | Create | Villager (Male) |
| 6:28 | Create | Villager (Male) |
| 6:28 | Create | Villager (Male) |
| 6:49 | Create | Villager (Male) |
| 7:12 | Create | Villager (Male) |
| 7:17 | Build | House |
| 8:57 | Research | Feudal Age |
| 9:02 | Build | Mining Camp |
| 9:33 | Create | Villager (Male) |
| 9:33 | Create | Villager (Male) |
| 9:33 | Create | Villager (Male) |
| 10:02 | Build | Farm |
| 10:13 | Build | Farm |
| 10:31 | Build | Farm |
| 10:34 | Build | Farm |
| 11:00 | Build | House |
| 11:22 | Age | Feudal Age |
| 11:44 | Build | Market |
| 11:48 | Build | Blacksmith |
| 12:27 | Build | Farm |
| 12:42 | Build | Farm |
| 12:51 | Build | Mining Camp |
| 12:56 | Research | Castle Age |
| 13:23 | Research | Double-Bit Axe |
| 13:46 | Create | Villager (Male) |
| 13:47 | Create | Villager (Male) |
| 13:53 | Research | Horse Collar |
| 14:14 | Research | Gold Mining |
| 14:33 | Create | Villager (Male) |
| 14:33 | Create | Villager (Male) |
| 15:36 | Age | Castle Age |
| 16:17 | Build | Barracks |
| 16:42 | Create | Spearman |
| 16:43 | Create | Spearman |
| 16:43 | Create | Spearman |
| 16:43 | Create | Spearman |
| 17:09 | Build | Barracks |
| 19:20 | Create | Villager (Male) |
| 19:37 | Build | Town Center |
| 20:05 | Research | Pikeman (upgrade) |
| 21:05 | Research | Wheelbarrow |
| 21:32 | Create | Villager (Male) |
| 21:32 | Create | Villager (Male) |
| 21:33 | Create | Villager (Male) |
| 21:34 | Create | Villager (Male) |
| 21:34 | Create | Villager (Male) |
| 22:13 | Build | House |
| 22:15 | Create | Villager (Male) |
| 22:26 | Create | Villager (Male) |
| 22:27 | Research | Loom |
| 22:32 | Create | Villager (Male) |
| 22:44 | Build | Farm |
| 22:45 | Build | Farm |
| 22:51 | Build | Farm |
| 23:12 | Build | Farm |
| 23:25 | Create | Villager (Male) |
| 23:35 | Create | Villager (Male) |
| 23:43 | Build | Farm |
| 24:29 | Build | Farm |
| 25:04 | Create | Villager (Male) |
| 25:16 | Build | Town Center |
| 25:23 | Create | Villager (Male) |
| 25:23 | Create | Villager (Male) |
| 25:23 | Create | Villager (Male) |
| 26:21 | Create | Villager (Male) |
| 26:43 | Create | Spearman |
| 26:43 | Create | Spearman |
| 26:47 | Research | Hand Cart |
| 27:22 | Build | Farm |
| 29:15 | Build | Town Center |
| 30:59 | Create | Villager (Male) |
| 30:59 | Create | Villager (Male) |
| 30:59 | Create | Villager (Male) |
| 31:44 | Build | Lumber Camp |
| 32:18 | Create | Villager (Male) |
| 32:18 | Create | Villager (Male) |
| 32:46 | Build | University |
| 33:06 | Create | Spearman |
| 33:06 | Create | Spearman |
| 33:07 | Create | Spearman |
| 33:10 | Create | Spearman |
| 33:11 | Create | Spearman |
| 33:11 | Create | Spearman |
| 34:35 | Research | Ballistics |
| 34:59 | Create | Spearman |
| 34:59 | Create | Spearman |
| 35:03 | Create | Spearman |
Build order — 2pacsghost
148 actions detected in the replay
| 0:01 | Create | Villager (Male) |
| 0:01 | Create | Villager (Male) |
| 0:02 | Create | Villager (Male) |
| 0:02 | Create | Villager (Male) |
| 0:06 | Build | House |
| 0:28 | Build | House |
| 1:48 | Create | Villager (Male) |
| 1:50 | Research | Loom |
| 2:10 | Create | Villager (Male) |
| 2:44 | Create | Villager (Male) |
| 2:55 | Create | Villager (Male) |
| 3:36 | Build | House |
| 3:46 | Create | Villager (Male) |
| 4:22 | Create | Villager (Male) |
| 4:45 | Create | Villager (Male) |
| 4:48 | Create | Villager (Male) |
| 4:48 | Create | Villager (Male) |
| 5:33 | Build | Lumber Camp |
| 5:47 | Build | Mining Camp |
| 6:09 | Build | Mining Camp |
| 6:16 | Build | House |
| 6:50 | Create | Villager (Male) |
| 6:51 | Create | Villager (Male) |
| 7:14 | Create | Villager (Male) |
| 7:14 | Create | Villager (Male) |
| 7:14 | Create | Villager (Male) |
| 7:15 | Create | Villager (Male) |
| 7:24 | Build | Mill |
| 7:51 | Create | Villager (Male) |
| 8:30 | Build | Farm |
| 8:31 | Build | Farm |
| 8:32 | Build | Farm |
| 8:33 | Build | Farm |
| 8:40 | Create | Villager (Male) |
| 8:41 | Create | Villager (Male) |
| 8:51 | Build | House |
| 8:54 | Create | Villager (Male) |
| 8:54 | Create | Villager (Male) |
| 9:34 | Build | Farm |
| 9:35 | Build | Farm |
| 10:24 | Create | Villager (Male) |
| 10:25 | Create | Villager (Male) |
| 11:56 | Build | Farm |
| 11:57 | Build | Farm |
| 12:13 | Build | Barracks |
| 12:26 | Research | Feudal Age |
| 14:36 | Age | Feudal Age |
| 14:39 | Build | Stable |
| 14:52 | Build | Blacksmith |
| 15:05 | Create | Villager (Male) |
| 15:12 | Build | House |
| 15:19 | Research | Wheelbarrow |
| 15:42 | Build | Stable |
| 15:46 | Research | Castle Age |
| 16:05 | Research | Double-Bit Axe |
| 16:14 | Research | Gold Mining |
| 16:37 | Research | Stone Mining |
| 16:52 | Build | Stone Wall |
| 17:24 | Build | Stone Wall |
| 17:35 | Build | House |
| 17:38 | Build | House |
| 17:40 | Build | House |
| 17:42 | Build | House |
| 17:47 | Research | Bloodlines |
| 17:54 | Research | Scale Barding Armor |
| 18:07 | Build | Farm |
| 18:19 | Research | Horse Collar |
| 18:52 | Build | Farm |
| 19:12 | Build | Farm |
| 19:14 | Age | Castle Age |
| 19:21 | Create | Villager (Male) |
| 19:21 | Create | Villager (Male) |
| 19:26 | Create | Knight |
| 19:40 | Create | Villager (Male) |
| 19:40 | Create | Villager (Male) |
| 19:52 | Create | Knight |
| 20:25 | Create | Knight |
| 20:43 | Create | Villager (Male) |
| 20:43 | Create | Villager (Male) |
| 21:32 | Create | Villager (Male) |
| 21:32 | Create | Villager (Male) |
| 21:33 | Create | Villager (Male) |
| 21:33 | Create | Villager (Male) |
| 22:29 | Build | Castle |
| 22:44 | Research | Hand Cart |
| 23:04 | Create | Knight |
| 23:29 | Research | Heavy Plow |
| 23:39 | Build | Town Center |
| 23:53 | Build | Town Center |
| 25:08 | Create | Villager (Male) |
| 25:08 | Create | Villager (Male) |
| 25:09 | Create | Villager (Male) |
| 25:09 | Create | Villager (Male) |
| 25:09 | Create | Villager (Male) |
| 25:09 | Create | Villager (Male) |
| 25:10 | Create | Villager (Male) |
| 26:28 | Build | Watch Tower |
| 26:53 | Create | Villager (Male) |
| 26:53 | Create | Villager (Male) |
| 26:53 | Create | Villager (Male) |
| 26:54 | Create | Villager (Male) |
| 26:54 | Create | Villager (Male) |
| 26:54 | Create | Villager (Male) |
| 26:54 | Create | Villager (Male) |
| 26:55 | Create | Villager (Male) |
| 27:01 | Create | Villager (Male) |
| 29:32 | Create | Villager (Male) |
| 29:32 | Create | Villager (Male) |
| 29:32 | Create | Villager (Male) |
| 29:33 | Create | Villager (Male) |
| 29:59 | Build | Stable |
| 30:00 | Build | Stable |
| 30:28 | Create | Villager (Male) |
| 30:28 | Create | Villager (Male) |
| 30:28 | Create | Villager (Male) |
| 30:28 | Create | Villager (Male) |
| 30:29 | Create | Villager (Male) |
| 30:29 | Create | Villager (Male) |
| 30:31 | Create | Villager (Male) |
| 30:32 | Create | Villager (Male) |
| 30:32 | Create | Villager (Male) |
| 30:32 | Create | Villager (Male) |
| 30:42 | Build | Farm |
| 30:43 | Build | Farm |
| 30:44 | Build | Farm |
| 30:45 | Build | Farm |
| 30:46 | Build | Farm |
| 30:48 | Build | Farm |
| 30:48 | Build | Farm |
| 30:50 | Build | Farm |
| 30:56 | Create | Villager (Male) |
| 30:57 | Create | Villager (Male) |
| 30:57 | Create | Villager (Male) |
| 30:57 | Create | Villager (Male) |
| 30:57 | Create | Villager (Male) |
| 31:40 | Create | Villager (Male) |
| 31:40 | Create | Villager (Male) |
| 31:41 | Create | Villager (Male) |
| 31:41 | Create | Villager (Male) |
| 32:46 | Build | Watch Tower |
| 33:09 | Build | Town Center |
| 34:38 | Create | Knight |
| 34:38 | Create | Knight |
| 34:39 | Create | Knight |
| 34:39 | Create | Knight |
| 34:39 | Create | Knight |
| 34:40 | Create | Knight |
| 35:08 | Build | Mining Camp |
Match timeline
| 4:44 | ...骑士 · wall_segment Palisade Wall x4 |
| 6:43 | ...骑士 · wall_segment Palisade Wall x14 |
| 7:19 | ...骑士 · wall_segment Palisade Wall x1 |
| 7:43 | Helot_boy_Xeones · first_building Barracks |
| 7:47 | Helot_boy_Xeones · wall_segment Palisade Wall x1 |
| 7:47 | ...骑士 · wall_segment Palisade Wall x5 |
| 7:48 | Helot_boy_Xeones · wall_segment Palisade Wall x1 |
| 9:21 | Helot_boy_Xeones · wall_segment Palisade Wall x4 |
| 9:23 | Helot_boy_Xeones · wall_segment Palisade Wall x3 |
| 9:58 | ...骑士 · wall_segment Palisade Wall x9 |
| 10:03 | Helot_boy_Xeones · wall_segment Palisade Wall x1 |
| 10:04 | Helot_boy_Xeones · wall_segment Palisade Wall x1 |
| 11:03 | ...骑士 · wall_segment Palisade Wall x3 |
| 11:14 | ...骑士 · wall_segment Palisade Wall x3 |
| 11:22 | 超人不是我 · age_up feudal |
| 11:43 | Helot_boy_Xeones · age_up feudal |
| 11:49 | Helot_boy_Xeones · first_building Stable |
| 11:54 | ...骑士 · wall_segment Palisade Wall x1 |
| 11:55 | ...骑士 · wall_segment Palisade Wall x1 |
| 11:56 | ...骑士 · wall_segment Palisade Wall x1 |
| 12:13 | 2pacsghost · first_building Barracks |
| 12:21 | Helot_boy_Xeones · wall_segment Palisade Wall x4 |
| 13:03 | ...骑士 · age_up feudal |
| 14:20 | Helot_boy_Xeones · wall_segment Palisade Wall x5 |
| 14:36 | 2pacsghost · age_up feudal |
| 14:39 | 2pacsghost · first_building Stable |
| 15:36 | 超人不是我 · age_up castle |
| 16:14 | ...骑士 · first_building Barracks |
| 16:17 | 超人不是我 · first_building Barracks |
| 16:52 | 2pacsghost · wall_segment Stone Wall x3 |
| 17:20 | ...骑士 · age_up castle |
| 17:24 | 2pacsghost · wall_segment Stone Wall x2 |
| 17:43 | ...骑士 · first_building Archery Range |
| 18:08 | Helot_boy_Xeones · wall_segment Palisade Wall x12 |
| 19:14 | 2pacsghost · age_up castle |
| 20:41 | Helot_boy_Xeones · first_building Archery Range |
| 21:15 | Helot_boy_Xeones · wall_segment Palisade Wall x8 |
| 22:29 | 2pacsghost · first_building Castle |
| 22:53 | Helot_boy_Xeones · wall_segment Palisade Wall x9 |
| 23:48 | Helot_boy_Xeones · age_up castle |
| 26:41 | Helot_boy_Xeones · first_building Siege Workshop |
| 32:07 | ...骑士 · first_building Monastery |
| 32:45 | Helot_boy_Xeones · first_building Monastery |
| 35:32 | ...骑士 · age_up imperial |
| 35:43 | ...骑士 · resign |
[ AI ANALYSIS · 1 CREDIT ]
What really happened in this match?
Wolo.gg analyzes every decision: build order, eco, micro, common mistakes by bracket. Personalized analysis on WhatsApp or Discord in 30 seconds.
Civ guide
Vietnamese
Perfil
Jugador #779082